 Dungeon Crawl Stone Soup version 0.29-a0-359-g541a27f54d (webtiles) character file.

Game seed: 11835264632750742524

4419 Shayle the Ducker (level 10, -3/63 HPs)
             Began as a Tengu Brigand on Apr 27, 2022.
             Was an Initiate of Ashenzari.
             Slain by a gargoyle
             ... wielding a +0 mace
              (21 damage)
             ... on level 5 of the Dungeon.
             The game lasted 00:30:54 (9973 turns).

Shayle the Ducker (Tengu Brigand)                   Turns: 9973, Time: 00:30:55

Health: -3/63      AC:  8    Str: 11    XL:     10   Next: 36%
Magic:  20/20      EV: 16    Int: 16    God:    Ashenzari [......]
Gold:   798        SH:  5    Dex: 16    Spells: 11/21 levels left

rFire   . . .      SeeInvis .   A - +4 whip (spect)
rCold   . . .      Faith    .   (no shield)
rNeg    . . .      Spirit   .   O - +0 ring mail
rPois   .          Reflect  +   (helmet restricted)
rElec   .          Harm     .   c - +2 cloak
rCorr   .          Rampage  .   (no gloves)
Will    .....                   (boots unavailable)
Stlth   +++.......              l - amulet of reflection
HPRegen 0.20/turn               (no ring)
MPRegen 0.17/turn               (no ring)

@: flying quickly and evasively, quick
A: beak, talons 3, nimble flight
a: Renounce Religion


You were on level 5 of the Dungeon.
You worshipped Ashenzari.
Ashenzari was noncommittal.
You visited 2 branches of the dungeon, and saw 9 of its levels.

You collected 2426 gold pieces.
You spent 1628 gold pieces at shops.

Inventory:

Hand Weapons
 a - a +2 dagger
 e - a +0 whip of electrocution
 g - a +1 dagger of venom
 w - a +4 dagger of protection
 x - a +2 vampiric rapier
 A - a +4 spectral whip (weapon)
 K - a +3 spectral quarterstaff
 N - a +5 halberd of draining
Missiles
 d - 17 poisoned darts (quivered)
 H - a throwing net
 M - 2 curare-tipped darts
Armour
 b - a +0 robe
 c - a +2 cloak (worn)
 z - a +0 kite shield
 L - a +2 robe of willpower
 O - a +0 ring mail (worn)
Jewellery
 k - a +6 ring of dexterity
 l - an amulet of reflection (around neck)
 p - a +6 ring of dexterity
 q - a +6 ring of intelligence
 u - a ring of fire
 G - an amulet of faith
Wands
 n - a wand of paralysis (1)
 y - a wand of iceblast (11)
 D - a wand of polymorph (11)
 P - a wand of flame (20)
Scrolls
 h - 2 scrolls of enchant armour
 j - a scroll of silence
 t - 11 scrolls of teleportation
 v - a scroll of identify
Potions
 f - 4 potions of mutation
 i - a potion of lignification
 m - 6 potions of heal wounds
 o - a potion of berserk rage
 r - 2 potions of flight
 s - 3 potions of curing
 B - a potion of degeneration
 C - a potion of ambrosia
 E - a potion of haste {unknown}
 F - a potion of invisibility {unknown}
 I - a potion of resistance {unknown}
 J - 2 potions of cancellation


   Skills:
 + Level 7.0 Fighting
 - Level 2.1 Short Blades
 - Level 2.0 Throwing
 + Level 7.4 Dodging
 - Level 7.0 Stealth
 + Level 6.1 Spellcasting
 - Level 5.2 Conjurations
 + Level 5.3 Air Magic
 + Level 4.0 Poison Magic


You had 11 spell levels left.
You knew the following spells:

 Your Spells              Type           Power      Damage    Failure   Level
a - Mephitic Cloud        Conj/Pois/Air  20%        N/A       14%         3
b - Ignite Poison         Fire/Tmut/Pois 9%         N/A       50%         3
c - Airstrike             Air            11%        N/A       36%         4

Your spell library contained the following spells:

 Spells                   Type           Power      Damage    Failure   Level
 Shock                    Conj/Air       84%        1d8       3%          1
 Swiftness                Air            22%        N/A       11%         3
 Gell's Gravitas          Tloc           4%         N/A       69%         3
 Teleport Other           Tloc           4%         N/A       69%         3
 Freezing Cloud           Conj/Ice/Air   8%         6-21      91%         5
 Animate Armour           Summ/Erth      8%         N/A       97%         4
 Summon Ice Beast         Ice/Summ       4%         N/A       97%         4
 Blade Hands              Tmut           2%         N/A       100%        5
 Summon Mana Viper        Hex/Summ       4%         N/A       100%        5
 Dispersal                Tloc           2%         N/A       100%        6
 Iron Shot                Conj/Erth      6%         9d2       100%        6
 Monstrous Menagerie      Summ           2%         N/A       100%        7


Dungeon Overview and Level Annotations

Branches:
Dungeon (8/15)             Temple (1/1) D:4
   Lair: D:8-11

Altars:
Ashenzari
Cheibriados
Dithmenos
Elyvilon
Fedhas
Gozag
Hepliaklqana
Kikubaaqudgha
Makhleb
Nemelex Xobeh
Okawaru
Qazlal
Ru
Sif Muna
Trog
Uskayaw
Wu Jian
Xom
Yredelemnul
Zin
The Shining One

Shops:
D:2 *   D:5 *   D:8 (??

Annotations:
D:5 Grinder


Innate Abilities, Weirdness & Mutations

You have a beak for a mouth.
You have claws for feet.
Your magical nature lets you fly swiftly and evasively.


Message History

You peck the gargoyle, but do no damage.
Your +4 spectral whip hits the gargoyle but does no damage.
The gargoyle hurls a stone arrow at you.
The stone arrow misses you.
Unknown command.
You hit the gargoyle but do no damage.
You claw the gargoyle, but do no damage.
You peck the gargoyle, but do no damage.
Your punch misses the gargoyle.
Your +4 spectral whip hits the gargoyle.
The gargoyle misses you.
Unknown command.
You hit the gargoyle but do no damage.
You claw the gargoyle, but do no damage.
Your peck misses the gargoyle.
The gargoyle is lightly damaged.
Your +4 spectral whip hits the gargoyle.
The gargoyle hits you with a +0 mace.
Unknown command.
You hit the gargoyle but do no damage.
You claw the gargoyle, but do no damage.
The gargoyle is moderately damaged.
Your +4 spectral whip hits the gargoyle.
The gargoyle hurls a stone arrow at you.
The stone arrow hits you!
Unknown command.
You feel much better. You block the gargoyle's attack.
You barely miss the gargoyle.
The gargoyle is heavily damaged.
Your +4 spectral whip hits the gargoyle but does no damage.
The gargoyle barely misses you.
You hit the gargoyle. Your kick misses the gargoyle.
Your peck misses the gargoyle.
The gargoyle is severely damaged.
Your +4 spectral whip hits the gargoyle.
The gargoyle hurls a stone arrow at you.
The stone arrow hits you!!
* * * LOW HITPOINT WARNING * * *
The gargoyle hits you with a +0 mace!!
You die...

###########
#.........#
#.........###
#...........#
#######
#...........#
#.....#
#...(9......#
#.....#
#∩...@.....$#
#.....##
#.........###
#.......
#.......†.#
#.######
#.........+
#.#
#.........#
#[#
###+#..####
#.# #......#
#.######
#......#
#.)<....
#......#
#.#.####


You could see a gargoyle and a friendly +4 spectral whip (summoned).

Vanquished Creatures
  A two-headed ogre (D:7)
  Pikel (D:6)
  Joseph (D:7)
  2 steam dragons
  An orc warrior (D:8)
  A black bear (D:6)
  3 ogres
  A centaur (D:6)
  A kobold brigand (D:6)
  A phantom (D:6)
  A lemure (D:6)
  2 necrophages (D:6)
  3 bullfrogs
  A gnoll sergeant (D:8)
  14 wights
  An electric eel (D:7)
  2 howler monkeys
  5 orc priests
  2 gnoll shamans
  2 hounds
  4 jellies
  2 iguanas
  6 orc wizards
  15 gnolls
  9 adders
  2 white imps
  19 orcs
  5 ball pythons
  3 bats
  8 endoplasms
  2 giant cockroaches
  5 goblins
  7 hobgoblins
  7 jackals
  6 kobolds
  5 quokkas
  5 rats
156 creatures vanquished.

Vanquished Creatures (others)
  2 orcs (D:8)
2 creatures vanquished.

Grand Total: 158 creatures vanquished

Notes
Turn   | Place    | Note
-------+----------+-------------------------------------------
     0 | D:1      | Shayle the Tengu Brigand began the quest for the Orb.
     0 | D:1      | Reached XP level 1. HP: 12/12 MP: 2/2
   129 | D:1      | Reached XP level 2. HP: 17/17 MP: 3/3
   246 | D:1      | Found a faded altar of an unknown god.
   246 | D:1      | Noticed a hellwing
  1160 | D:2      | Reached XP level 3. HP: 22/22 MP: 5/5
  1197 | D:2      | Reached skill level 1 in Spellcasting
  1498 | D:2      | Found Avuethri's General Store.
  1509 | D:2      | Bought a potion of curing for 42 gold pieces
  1836 | D:2      | Reached XP level 4. HP: 26/27 MP: 6/6
  2416 | D:3      | Found a sacrificial altar of Ru.
  2417 | D:3      | Found a sparkling altar of Nemelex Xobeh.
  2491 | D:3      | You fall into a shaft and drop 2 floors!
  2491 | D:5      | Entered Level 5 of the Dungeon
  2491 | D:5      | Noticed an ogre
  2502 | D:5      | Noticed a gargoyle
  2743 | D:6      | Noticed a black bear
  2883 | D:5      | Killed an ogre
  2884 | D:5      | Reached skill level 5 in Stealth
  2884 | D:5      | Gained mutation: Your magical nature lets you fly swiftly
                  | and evasively. [Tengu growth]
  2884 | D:5      | Reached XP level 5. HP: 14/32 MP: 7/9
  3198 | D:5      | Noticed an ogre
  3233 | D:5      | Killed an ogre
  3234 | D:5      | Reached XP level 6. HP: 12/37 MP: 10/10
  3521 | D:5      | Noticed Grinder
  4147 | D:4      | Reached XP level 7. HP: 43/43 MP: 12/12
  4232 | D:4      | Found a staircase to the Ecumenical Temple.
  4241 | Temple   | Entered the Ecumenical Temple
  5850 | D:5      | Found an ornate altar of the Wu Jian Council.
  5972 | D:6      | Noticed a steam dragon
  5975 | D:6      | Killed a steam dragon
  5976 | D:6      | Reached XP level 8. HP: 48/48 MP: 14/14
  6102 | D:6      | Noticed Pikel
  6125 | D:6      | Killed Pikel
  6126 | D:6      | Reached skill level 5 in Fighting
  6126 | D:6      | Reached skill level 5 in Dodging
  6253 | D:6      | Learned a level 3 spell: Mephitic Cloud
  6401 | D:6      | Reached skill level 1 in Conjurations
  6401 | D:6      | Reached skill level 1 in Air Magic
  6645 | D:6      | Reached skill level 1 in Poison Magic
  6720 | D:6      | Reached XP level 9. HP: 42/55 MP: 17/17
  7208 | D:7      | Reached skill level 5 in Spellcasting
  7265 | D:7      | Found a hazy altar of Hepliaklqana.
  7266 | D:7      | Found a glowing golden altar of the Shining One.
  7319 | D:7      | Noticed a two-headed ogre
  7343 | D:7      | Killed a two-headed ogre
  7934 | D:7      | Found a burning altar of Makhleb.
  7935 | D:7      | Found an ancient bone altar of Kikubaaqudgha.
  7968 | D:7      | Noticed Joseph
  7997 | D:7      | Killed Joseph
  7998 | D:7      | Reached XP level 10. HP: 41/61 MP: 11/19
  8685 | D:7      | Identified a scroll of acquirement
  8685 | D:7      | Acquired 1374 gold pieces
  8905 | D:8      | Found a broken altar of Ashenzari.
  9047 | D:8      | Became a worshipper of Ashenzari the Shackled
  9196 | D:8      | Reached skill level 5 in Air Magic
  9238 | D:8      | Found Zaeplihef's Antique Weapon Emporium.
  9304 | D:8      | Reached skill level 5 in Conjurations
  9469 | D:8      | Learned a level 3 spell: Ignite Poison
  9566 | D:8      | Found Aceab's Magic Scroll Emporium.
  9571 | D:8      | Bought 2 scrolls of teleportation for 78 gold pieces
  9571 | D:8      | Bought a scroll of identify for 26 gold pieces
  9571 | D:8      | Bought a scroll of identify for 26 gold pieces
  9600 | D:8      | Found Ziovuih's Magic Scroll Shoppe.
  9790 | D:2      | Bought 2 scrolls of acquirement for 1456 gold pieces
  9791 | D:2      | Acquired 524 gold pieces
  9795 | D:2      | Acquired a book of Air
  9805 | D:2      | Learned a level 4 spell: Airstrike
  9928 | D:5      | Found Lough's Assorted Antiques.
  9973 | D:5      | Slain by a gargoyle

Illustrated notes

Levels and vault maps discovered:
D:1:      sevenhm_arrival_forest_fort_large_2, layout_loops_corners,
          dreamdust_ecumenical_altar_sealed_demon
D:2:      layout_loops_cross, serial_shops, shop,
          minmay_randomly_rotated_circles
D:3:      layout_loops_ring, jmf_multi_god_temple
D:4:      layout_layer_cave, minmay_temple_entry_crystal_x, minmay_vboxes
D:5:      layout_basic, lemuel_crystal_altar, serial_shops, shop, uniq_grinder
D:6:      layout_basic, uniq_pikel
D:7:      layout_basic, gammafunk_temple_overflow_statue,
          mainiacjoe_overflow_divided_tiny, nicolae_lava_and_water, uniq_joseph
D:8:      layout_basic, nicolae_ashenzari_skybound, serial_shops,
          nicolae_shop_hallway_stairs, shop, nicolae_shop_waterfront,
          dk_noncrumbling_4
Temple:   oiseaux_autumnal_temple

Skill      XL: |  1  2  3  4  5  6  7  8  9 10 |
---------------+-------------------------------+-----
Spellcasting   | 1 2 3 4 5 6 |  6.1
Dodging        | 2 3 4 6 7 |  7.4
Fighting       | 3 4 5 6 7 |  7.0
Stealth        | 5 6 7 |  7.0
Conjurations   | 1 4 5 |  5.2
Air Magic      | 1 4 5 |  5.3
Poison Magic   | 1 3 4 |  4.0
Short Blades   | |  2.1
Throwing       | |  2.0

Action                   |  1- 3 |  4- 6 |  7- 9 | 10-12 || total
-------------------------+-------+-------+-------+-------++-------
Melee: Dagger            |    66 |    95 |   115 |       ||   276
       Kick              |    16 |    25 |    63 |    30 ||   134
       Peck              |     8 |    18 |    38 |    20 ||    84
       Punch             |     1 |       |     1 |       ||     2
       Whip              |       |       |    65 |    75 ||   140
Throw: Dart              |     7 |     4 |    11 |       ||    22
       Throwing net      |       |       |     1 |       ||     1
 Cast: Mephitic Cloud    |       |       |     2 |     5 ||     7
Evoke: Wand              |       |       |       |     2 ||     2
  Use: Scroll            |       |     5 |    12 |     8 ||    25
       Potion            |       |       |       |     1 ||     1
 Stab: Sleeping          |     6 |     6 |     3 |     2 ||    17
       Distracted        |       |       |     1 |     1 ||     2
       Confused          |       |       |     1 |     1 ||     2
       Held in net/web   |       |       |     1 |       ||     1
Armor: Robe              |    15 |    13 |       |       ||    28
       Scale mail        |       |     8 |    25 |       ||    33
       Ring mail         |       |       |    22 |     3 ||    25
Dodge: Dodged            |    28 |    34 |    95 |    40 ||   197
Block: Other             |     4 |    22 |    27 |    15 ||    68

Table legend: (Time is in decaauts)
 A = Elapsed time spent in this place.
 B = Non-inter-level travel time spent in this place.
 C = Inter-level travel time spent in this place.
 D = Time resting spent in this place.
 E = Time spent auto-exploring this place.
 F = Levels seen in this place.
 G = Mean time per level.
                   A        B        C        D        E       F      G
               +--------+--------+--------+--------+--------+-----+--------+
         Total |   9574 |   9110 |    464 |   2282 |   4693 |   9 | 1063.8 |
       Dungeon |   9343 |   8917 |    426 |   2282 |   4514 |   8 | 1167.9 |
        Temple |    231 |    194 |     37 |      0 |    179 |   1 |  231.0 |
               +--------+--------+--------+--------+--------+-----+--------+

Top non-repeatable levels by time:
     D:6: 1989 daAuts
     D:4: 1489 daAuts
     D:7: 1178 daAuts
     D:1: 1150 daAuts
     D:5: 1136 daAuts
     D:2: 910 daAuts
     D:3: 791 daAuts
     D:8: 697 daAuts
  Temple: 231 daAuts
